 Dungeon Crawl Stone Soup version 0.18-a0-1575-g920359c (webtiles) character file.

29137 namelastname112 the Martial Artist (level 13, -4/125 HPs)
             Began as a Red Draconian Monk on Mar 16, 2016.
             Was a High Priest of Ru.
             Killed by mirror damage (44 damage)
             ... on level 13 of the Dungeon.
             The game lasted 00:26:14 (15392 turns).

namelastname112 the Martial Artist (DrMo)          Turns: 15392, Time: 00:26:15

Health: -4/125     AC: 17    Str: 15    XL:     13   Next: 13%
Magic:  3/11       EV: 19    Int: 10    God:    Ru [*****.]
Gold:   943        SH:  7    Dex: 22    Spells: 0 memorised, 12 levels left

rFire  + . .     SeeInvis .       - Unarmed
rCold  + . .     Gourm    .     (armour unavailable)
rNeg   . . .     Faith    .     k - +0 buckler
rPois  .         Spirit   .     y - +0 hat
rElec  .         Dismiss  .     E - +2 cloak
rCorr  .         Reflect  .     t - +0 pair of gloves
SustAt +         Harm     .     h - +1 pair of boots
MR     .....     Rnd*Rage +     x - amulet of magic regeneration
Stlth  ..........               s - ring of Onolu {SustAt Dex+4}
                                o - +3 ring of protection

@: exhausted, short of breath, manticore barbs, drained, not resistant to
hostile enchantments, extremely unstealthy
A: breathe fire, unfitting armour, antennae 1, talons 1, berserk 1, blurry
vision 1, cold resistance 1, deterioration 1, dopey 1, fire resistance 1, low mp
1, robust 1, strong 1, wild magic 2, cold-blooded, no stealth, inability to use
devices, hated by all, unskilled 1, AC +8
a: Breathe Fire, Draw Out Power, Power Leap, Apocalypse, Renounce Religion


You were on level 13 of the Dungeon.
You worshipped Ru.
Ru was extremely pleased with you.
You were not hungry.

You visited 2 branches of the dungeon, and saw 15 of its levels.

You collected 1034 gold pieces.
You spent 91 gold pieces at shops.

Inventory:

Armour
 h - a +1 pair of boots (worn)
 k - a +0 buckler (worn)
 t - a +0 pair of gloves (worn)
 v - a +0 shield of reflection
 y - a +0 hat (worn)
 E - a +2 cloak (worn)
Jewellery
 o - a +3 ring of protection (left hand)
 s - the ring of Onolu (right hand) {SustAt Dex+4}
   (You found it on level 9 of the Dungeon)

   [ring of sustain attributes]

   It sustains your strength, intelligence and dexterity.
   It affects your dexterity (+4).
 x - an amulet of magic regeneration (around neck)
Scrolls
 b - a scroll of fog
 e - 3 scrolls of teleportation
 i - 5 scrolls of fear
 m - 3 scrolls of enchant weapon
 n - 8 scrolls of remove curse
 u - 3 scrolls of identify
 B - 5 scrolls of amnesia
Potions
 c - 3 potions of resistance
 d - a potion of might
 f - 2 potions of flight
 l - 3 potions of lignification
 p - 2 potions of heal wounds
 r - 2 potions of berserk rage
 z - 2 potions of cure mutation
 A - 3 potions of brilliance
 C - 2 potions of curing
 D - 3 potions of invisibility
 F - a potion of ambrosia
 I - 2 potions of agility
Books
 q - a book of Necromancy

   Spells                             Type                      Level
   a - Pain                           Necromancy                   1
   b - Animate Skeleton               Necromancy                   1
   c - Vampiric Draining              Necromancy                   3
   d - Regeneration                   Charms/Necromancy            3
   e - Animate Dead                   Necromancy                   4
   f - Control Undead                 Necromancy                   4
 G - a book of Beasts

   Spells                             Type                      Level
   a - Summon Butterflies             Summoning                    1
   b - Call Canine Familiar           Summoning                    3
   c - Summon Ice Beast               Ice/Summoning                4
   d - Summon Mana Viper              Hexes/Summoning              5
   e - Summon Hydra                   Summoning                    7
 H - a book of Ice

   Spells                             Type                      Level
   a - Ice Form                       Ice/Transmutation            4
   b - Metabolic Englaciation         Hexes/Ice                    5
   c - Ozocubu's Refrigeration        Ice                          6
   d - Bolt of Cold                   Conjuration/Ice              6
   e - Freezing Cloud                 Conjuration/Ice/Air          6
   f - Simulacrum                     Ice/Necromancy               6
Comestibles
 a - 9 bread rations
 g - 3 meat rations
 j - 6 beef jerkies
 w - 23 fruits


   Skills:
 + Level 10.5(9.2) Fighting
 + Level 9.0(7.7) Dodging
 + Level 7.7(6.4) Shields
 + Level 14.0(12.6) Unarmed Combat


You had 12 spell levels left.
You didn't know any spells.

Dungeon Overview and Level Annotations

Branches:
Dungeon (14/15)            Temple (1/1) D:4            Lair (0/8) D:10
    Orc (0/2) D:9          Vaults (0/5) D:13

Altars:
Dithmenos
Elyvilon
Fedhas
Gozag
Kikubaaqudgha
Makhleb
Nemelex Xobeh
Okawaru
Pakellas
Qazlal
Ru
Sif Muna
Trog
Vehumet
Xom
Yredelemnul
Zin
The Shining One

Shops:
D:4 :   D:5 *   D:12 [


Innate Abilities, Weirdness & Mutations

You can breathe blasts of fire.
Your fiery red scales are hard (AC +8).
Your body does not fit into most forms of armour.
Your flesh is heat resistant.
You are cold-blooded and may be slowed by cold attacks.
You cannot be stealthy.
You cannot study or use magical devices.
You are hated by all.
You are somewhat unskilled (-1 Apt).
You have a pair of small antennae on your head.
You have sharp toenails.
You tend to lose your temper in combat.
Scrolls take you a little longer to read.
Your flesh is cold resistant.
Your body sometimes deteriorates upon taking damage.
You are dopey. (Int -2)
Your magical capacity is low (-10% MP).
You are robust (+10% HP).
Your muscles are strong. (Str +2)
Your spells are harder to cast, but more powerful.


Message History

The death knight offers itself to Yredelemnul, and fills with unholy energy.
You punch the skeletal warrior!
You tail-slap the skeletal warrior, but do no damage.
The skeletal warrior is moderately damaged.
The skeletal warrior is engulfed in roaring flames.
The skeletal warrior misses you.
You hit the skeletal warrior. You tail-slap the skeletal warrior.
The skeletal warrior is moderately damaged.
You hit the skeletal warrior but do no damage.
You tail-slap the skeletal warrior, but do no damage.
The skeletal warrior is moderately damaged.
The skeletal warrior is engulfed in roaring flames.
The skeletal warrior misses you.
You redirect the manticore's attack!
You reveal the great annihilating truth to your foes!
The death knight is paralysed by terrible understanding!
You destroy the skeletal warrior!
The manticore is paralysed by terrible understanding!
You feel drained.
Your damage is reflected back at you!
You die...

.......# #..........##...(.
.......# #..........######.
......†# #######'#### #( .(.....#
#(# #. ######.# ###.# #. #..#
#...# #. # #.## ####(### ##' #
#.###########H.....# #..
#####..(........@p.....########..
'.....###########§...[.'......'..
####### #......########.. #
#......# #.. # ##'##### #.. # #.#
##' #.# #. #.# ##. # ############
#.# #..


You could see a death knight (paralysed) and a manticore (paralysed).

Vanquished Creatures
  Rupert (D:13)
  Donald (D:13)
  Maud (D:13)
  2 hydras
  A centaur warrior (D:13)
  2 skeletal warriors (D:13)
  2 unseen horrors
  4 hill giants
  A phantasmal warrior (D:13)
  Pikel (D:8)
  2 ugly things (D:13)
  A manticore (D:13)
  2 cyclopes (D:12)
  A centaur zombie (D:11)
  Psyche (D:8)
  A gargoyle (D:12)
  5 trolls
  A spriggan (shapeshifter) (D:12)
  2 wyverns
  11 yaks
  A wraith (D:13)
  22 humans
  A hippogriff (D:7)
  2 hungry ghosts
  2 water moccasins
  3 orc warriors
  3 black bears
  4 necrophages
  4 sky beasts
  3 ice beasts
  2 phantoms
  An eye of draining (D:10)
  17 centaurs
  A crocodile (D:9)
  6 ogres
  Blork the orc (D:4)
  3 big kobolds
  6 giant frogs
  A gnoll sergeant (D:10)
  An elf skeleton (D:9)
  A water moccasin zombie (D:7)
  8 scorpions
  2 wyvern skeletons
  6 killer bees (D:10)
  21 wights
  4 howler monkeys
  An electric eel (D:11)
  9 crimson imps
  A wasp zombie (D:13)
  6 jellies
  2 giant frog zombies
  2 human zombies (D:9)
  A centaur skeleton (D:8)
  5 hounds
  4 orc priests
  5 orc wizards
  2 giant frog skeletons
  8 worker ants
  2 killer bee zombies (D:8)
  2 hound zombies
  2 hound skeletons
  2 mummies (D:9)
  11 gnolls
  10 adders
  An ooze (D:1)
  An adder zombie (D:6)
  An adder skeleton (D:5)
  A worm (D:2)
  5 giant geckos
  56 orcs
  6 giant cockroaches
  8 goblins
  9 hobgoblins
  12 jackals
  5 quokkas
  8 bats
  A giant gecko zombie (D:7)
  7 giant newts
  13 kobolds
  An orc zombie (D:9)
  A quokka zombie (D:7)
  3 rats
383 creatures vanquished.

Vanquished Creatures (others)
  A hydra (D:12)
  A troll (D:12)
  2 centaurs
  A crocodile (D:8)
  A giant frog (D:6)
  A wight (D:13)
  A kobold (D:11)
8 creatures vanquished.

Grand Total: 391 creatures vanquished

Notes
Turn   | Place    | Note
--------------------------------------------------------------
     0 | D:1      | namelastname112 the Draconian Monk began the quest for the Orb.
     0 | D:1      | Reached XP level 1. HP: 19/19 MP: 1/1
   120 | D:1      | Reached XP level 2. HP: 24/26 MP: 2/2
   509 | D:2      | Found a stormy altar of Qazlal.
   591 | D:2      | Reached skill level 5 in Unarmed Combat
   856 | D:2      | Reached XP level 3. HP: 29/31 MP: 3/3
  1177 | D:2      | Found a glowing silver altar of Zin.
  1291 | D:2      | Reached XP level 4. HP: 31/38 MP: 4/4
  1532 | D:3      | Found a shadowy altar of Dithmenos.
  1596 | D:3      | Reached skill level 6 in Unarmed Combat
  1790 | D:3      | Found a bloodstained altar of Trog.
  1849 | D:3      | Found a burning altar of Makhleb.
  1849 | D:3      | Noticed a blizzard demon
  1852 | D:3      | Noticed an orange demon
  1852 | D:3      | Noticed a smoke demon
  1961 | D:4      | Reached XP level 5. HP: 31/45 MP: 5/5
  2073 | D:4      | Found Coxzad's Book Boutique.
  2259 | D:4      | Noticed Blork the orc
  2280 | D:4      | Killed Blork the orc
  2280 | D:4      | Reached skill level 7 in Unarmed Combat
  2280 | D:4      | Reached XP level 6. HP: 18/51 MP: 6/6
  3025 | D:4      | Found a staircase to the Ecumenical Temple.
  3070 | Temple   | Entered the Ecumenical Temple
  3082 | Temple   | Became a worshipper of Ru the Awakened
  3084 | Temple   | Gained mutation: You cannot study or use magical devices. [Ru sacrifice]
  3084 | Temple   | Reached * piety under Ru
  3084 | Temple   | Reached ** piety under Ru
  3084 | Temple   | Reached *** piety under Ru
  3341 | D:5      | Entered Level 5 of the Dungeon
  3407 | D:5      | Reached skill level 8 in Unarmed Combat
  3441 | D:5      | Found Ymosoic's Assorted Antiques.
  3462 | D:5      | Bought a scroll labeled LUV QI GILLYLI for 19 gold pieces
  3462 | D:5      | Bought a smoky red potion for 17 gold pieces
  3462 | D:5      | Bought a smoky red potion for 17 gold pieces
  3462 | D:5      | Bought a scroll labeled BAUROF JEC VAZ for 19 gold pieces
  3462 | D:5      | Bought a scroll labeled BAUROF JEC VAZ for 19 gold pieces
  3921 | D:5      | Your scales start taking on a fiery red colour.
  3921 | D:5      | Reached XP level 7. HP: 49/57 MP: 7/7
  3921 | D:5      | Gained mutation: Your flesh is heat resistant. [Red Draconian growth]
  3988 | D:5      | Reached skill level 9 in Unarmed Combat
  4742 | D:6      | Reached skill level 10 in Unarmed Combat
  4808 | D:6      | Reached XP level 8. HP: 21/63 MP: 8/8
  5343 | D:6      | Found an iron altar of Okawaru.
  5473 | D:6      | Reached skill level 11 in Unarmed Combat
  5785 | D:6      | Found a bloodstained altar of Trog.
  6190 | D:7      | Reached skill level 12 in Unarmed Combat
  6362 | D:7      | Reached XP level 9. HP: 70/70 MP: 9/9
  6479 | D:7      | Gained mutation: You are somewhat unskilled (-1 Apt). [Ru sacrifice]
  6479 | D:7      | Reduced skill Unarmed Combat to level 11
  6479 | D:7      | Reached **** piety under Ru
  6857 | D:7      | Reached skill level 5 in Fighting
  7255 | D:7      | Gained mutation: You have sharp toenails. [potion of beneficial mutation]
  7422 | D:8      | Noticed Psyche
  7465 | D:8      | Reached XP level 10. HP: 34/83 MP: 10/10
  7793 | D:8      | Reached skill level 5 in Dodging
  7793 | D:8      | Reached skill level 12 in Unarmed Combat
  7818 | D:8      | Killed Psyche
  7987 | D:8      | Identified a scroll of acquirement
  7988 | D:8      | Got a twisted cloak
  8008 | D:8      | Identified the -4 cloak of Xicysere {Str+3} (You acquired it on level 8 of the Dungeon)
  8431 | D:8      | Found a shimmering altar of Xom.
  8453 | D:8      | Noticed Pikel
  8492 | D:8      | Killed Pikel
  8492 | D:8      | Reached skill level 1 in Shields
  8745 | D:8      | Found a blossoming altar of Fedhas.
  9371 | D:9      | Found a deep blue altar of Sif Muna.
  9449 | D:9      | Found a basalt altar of Yredelemnul.
  9458 | D:9      | Found a glowing golden altar of the Shining One.
  9491 | D:9      | Found a staircase to the Orcish Mines.
  9612 | D:9      | Gained mutation: You have a pair of small antennae on your head. [mutagenic meat]
  9613 | D:9      | Gained mutation: Your spells are a little harder to cast, but a little more powerful. [mutagenic meat]
  9614 | D:9      | Gained mutation: Your flesh is cold resistant. [mutagenic meat]
  9615 | D:9      | Gained mutation: Your body sometimes deteriorates upon taking damage. [mutagenic meat]
  9616 | D:9      | Gained mutation: Scrolls take you a little longer to read. [mutagenic meat]
  9617 | D:9      | Gained mutation: You are robust (+10% HP). [mutagenic meat]
  9622 | D:9      | Got a crude platinum ring
  9623 | D:9      | Identified the ring of Onolu {SustAt Dex+4} (You found it on level 9 of the Dungeon)
  9765 | D:9      | Found an ancient bone altar of Kikubaaqudgha.
  9779 | D:9      | Reached XP level 11. HP: 99/101 MP: 11/11
  9914 | D:9      | Noticed an angel
  9951 | D:10     | Entered Level 10 of the Dungeon
  9990 | D:10     | Found a staircase to the Lair.
 10035 | D:10     | Gained mutation: You cannot be stealthy. [Ru sacrifice]
 10035 | D:10     | Reached ***** piety under Ru
 10104 | D:10     | Noticed a hill giant
 10115 | D:10     | Killed a hill giant
 10494 | D:10     | Gained mutation: Your muscles are strong. (Str +2) [mutagenic meat]
 10495 | D:10     | Gained mutation: You are dopey. (Int -2) [mutagenic meat]
 10497 | D:10     | Gained mutation: Your magical capacity is low (-10% MP). [mutagenic meat]
 10498 | D:10     | Gained mutation: You tend to lose your temper in combat. [mutagenic meat]
 11417 | D:11     | Killed an unseen horror
 11491 | D:12     | Noticed an eight-headed hydra
 11612 | D:12     | Noticed a hill giant
 11624 | D:12     | Killed a hill giant
 11624 | D:12     | Reached skill level 13 in Unarmed Combat
 11996 | D:12     | Killed an eight-headed hydra
 12002 | D:12     | Reached skill level 5 in Shields
 12021 | D:12     | Gained mutation: You are hated by all. [Ru sacrifice]
 12487 | D:12     | Noticed a hill giant
 12497 | D:12     | Killed a hill giant
 12529 | D:12     | Reached XP level 12. HP: 59/114 MP: 10/10
 12711 | D:12     | Found Waemuibb's Armour Emporium.
 12725 | D:12     | Gained mutation: Your spells are harder to cast, but more powerful. [mutagenic meat]
 13034 | D:13     | Found a gate to the Vaults.
 13034 | D:13     | Noticed Rupert
 13034 | D:13     | Noticed Donald
 13066 | D:12     | Noticed a six-headed hydra
 13077 | D:12     | Killed a six-headed hydra
 13206 | D:13     | Noticed a centaur warrior
 13218 | D:13     | Killed a centaur warrior
 13388 | D:13     | Killed Donald
 13699 | D:13     | Noticed Maud
 13719 | D:13     | Killed Maud
 13734 | D:13     | Reached skill level 10 in Fighting
 13894 | D:13     | Killed Rupert
 14087 | D:13     | Noticed an eight-headed hydra
 14097 | D:13     | Killed an eight-headed hydra
 14104 | D:13     | Reached XP level 13. HP: 59/125 MP: 11/11
 14363 | D:13     | Reached skill level 14 in Unarmed Combat
 15392 | D:13     | Killed by mirror damage

Vault maps used:
D:1:      lemuel_arrival_room
D:2:      lemuel_coloured_pillars_altar, eino_curves_02, grunt_qazlal_sundering
D:3:      lemuel_crystal_altar, makhleb_altar_promises_db, corexii_shack,
          grunt_dithmenos_smoke_and_mirrors
D:4:      minmay_temple_entry_statues_pillars, first_bread, serial_shops,
          nicolae_shop_statue_plus, uniq_blork_the_orc
D:5:      kennysheep_big_flooded_room, serial_shops, shop_coins,
          kennysheep_small_square
D:6:      black_bear_nest_1, basic_altar, bloody_trog
D:8:      lemuel_doored_altar, hangedman_tree_tricks, minmay_ruffians,
          uniq_pikel, uniq_psyche
D:9:      grunt_temple_overflow_holy_war, lemuel_crystal_altar,
          lemuel_mausoleum_altar_kikubaaqudgha, orc_0_dummy
D:10:     dpeg_oklobed_lair
D:11:     kennysheep_generic_room_10
D:12:     serial_shops, kennysheep_mini_moat
D:13:     david_vaults_3, uniq_maud
D:14:     kennysheep_cross_room, uniq_agnes
Temple:   triangle_lava_temple_11

Skill      XL: |  1  2  3  4  5  6  7  8  9 10 11 12 13 |
---------------+----------------------------------------+-----
Unarmed Combat | 5 6 7 8 10 12 11 12 13 14 | 14.0
Dodging        | 4 6 7 8 9 |  9.0
Fighting       | 5 7 9 10 | 10.5
Shields        | 2 5 7 |  7.7
Stealth        | 0 |  0.0

Action                   |  1- 3 |  4- 6 |  7- 9 | 10-12 | 13-15 || total
-------------------------+-------+-------+-------+-------+-------++-------
Melee: Unarmed           |   128 |   224 |   352 |   917 |    82 ||  1703
Invok: Sacrifice Artific |       |     1 |       |       |       ||     1
       Draw Out Power    |       |       |     2 |     1 |       ||     3
       Sacrifice Skill   |       |       |     1 |       |       ||     1
       Sacrifice Stealth |       |       |       |     1 |       ||     1
       Sacrifice Love    |       |       |       |     1 |       ||     1
       Apocalypse        |       |       |       |     3 |     1 ||     4
       Reject Sacrifices |       |       |       |       |     1 ||     1
 Abil: Breathe Fire      |       |       |     8 |     6 |     2 ||    16
  Use: Potion            |       |     3 |     2 |       |       ||     5
       Scroll            |       |       |    20 |     6 |       ||    26
 Stab: Sleeping          |     5 |     3 |     1 |    12 |       ||    21
       Distracted        |       |     2 |     4 |     9 |       ||    15
       Invisible         |       |     2 |     6 |     2 |       ||    10
       Paralysed         |       |       |       |    12 |       ||    12
  Eat: Chunk             |     1 |     4 |    11 |    37 |     2 ||    55
       Bread ration      |       |     1 |       |       |       ||     1
       Pizza             |       |       |     1 |       |       ||     1
       Royal jelly       |       |       |       |     2 |       ||     2
       Meat ration       |       |       |       |     1 |     1 ||     2
       Fruit             |       |       |       |     2 |       ||     2
